 Dungeon Sprint DCSS version 0.28-a0-1080-g05a166d0ed (webtiles) character file.

Game seed: 11994794352827386024

170 SmokeWeed the Carver (level 5, -9/50 HPs)
             Began as a Minotaur Gladiator on Dec 10, 2021.
             Was a Believer of Qazlal.
             Killed from afar by a deep elf annihilator (45 damage)
             ... with a bolt of lightning
             ... in the Dungeon (Sprint V: "Ziggurat Sprint").
             The game lasted 00:04:52 (210 turns).

SmokeWeed the Carver (Minotaur Gladiator)            Turns: 210, Time: 00:04:52

Health: -9/50      AC: 19    Str: 27    XL:     5   Next: 25%
Magic:  4/4        EV:  2    Int: 11    God:    Qazlal [**....]
Gold:   0          SH: 18    Dex: 11    Spells: 4/4 levels left

rFire   + . .      SeeInvis .   I - +7 Screaming Sword {vorpal, sonic wave}
rCold   + . .      Faith    .   b - +3 tower shield
rNeg    . . .      Spirit   .   k - +5 gold dragon scales
rPois   +          Reflect  .   c - +0 hat
rElec   .          Harm     .   (no cloak)
rCorr   .          Rampage  .   (no gloves)
Will    .....      NoTele   +   (no boots)
Stlth   ..........              (no amulet)
HPRegen 0.16/turn               D - +6 ring of intelligence
MPRegen 0.09/turn               F - +6 ring of strength

@: lethally poisoned (-9 -> -14)
A: horns 2, retaliatory headbutt
a: Renounce Religion, Upheaval


You were in the Dungeon.
You worshipped Qazlal.
Qazlal was pleased with you.
You visited 1 branch

Inventory:

Hand Weapons
 a - a +0 long sword
 l - a +5 demon blade
 m - a +5 double sword
 I - the +7 Screaming Sword (weapon) {vorpal, sonic wave}
   (You found it in the Dungeon)

   It inflicts extra damage upon your enemies.
   It radiates damaging sonic waves as it strikes, especially in combat
   involving dangerous or numerous foes.
 J - the +8 lance "Wyrmbane" {slay drac, rPois rF+ rC+ AC+3}
   (You found it in the Dungeon)

   It inflicts extra damage against dragons and draconians.
   AC:        It affects your AC (+3).
   rF:        It protects you from fire.
   rC:        It protects you from cold.
   rPois:     It protects you from poison.
 K - the +5 sword of Power {vorpal}
   (You found it in the Dungeon)

   It inflicts extra damage upon your enemies.
   It occasionally discharges a powerful but inaccurate bolt of energy upon
   striking a foe, with increased chance the greater the wielder's current
   health.
 L - the +9 sword of Zonguldrok {reap}
   (You found it in the Dungeon)

   Any living foe damaged by it may be reanimated upon death as a zombie
   friendly to the wielder, with an increasing chance as more damage is dealt.
Missiles
 d - 3 throwing nets
Armour
 b - a +3 tower shield (worn)
 c - a +0 hat (worn)
 k - +5 gold dragon scales (worn)
Jewellery
 A - a ring of flight
 B - a +6 ring of dexterity
 C - a +6 ring of dexterity
 D - a +6 ring of intelligence (left hand)
 E - a +6 ring of intelligence
 F - a +6 ring of strength (right hand)
 G - a +6 ring of strength
 M - a ring of resist corrosion
Wands
 x - a wand of mindburst (7)
 y - a wand of iceblast (4)
 z - a wand of acid (7)
Scrolls
 j - 4 scrolls of blinking
 n - 4 scrolls of amnesia
 o - 7 scrolls of fog
 p - a scroll of holy word
 q - 5 scrolls of identify
 r - 2 scrolls of fear
Potions
 e - 10 potions of curing
 f - 10 potions of heal wounds
 g - 6 potions of haste
 h - 7 potions of magic
 i - 3 potions of berserk rage
 s - 2 potions of brilliance
 t - 2 potions of invisibility
 u - 4 potions of resistance
 w - 5 potions of might
Miscellaneous
 v - a box of beasts
 H - a lightning rod (1/4) (quivered)
 N - a phantom mirror


   Skills:
 + Level 6.2 Fighting
 + Level 8.8 Long Blades
 + Level 3.5 Throwing
 + Level 4.5 Armour
 + Level 6.8 Dodging
 + Level 4.2 Shields
 + Level 0.4 Evocations


You had 4 spell levels left.
You didn't know any spells.
Your spell library contained the following spells:

 Spells                   Type           Power      Damage    Failure   Level
 Spider Form              Tmut/Pois      0%         N/A       100%        3
 Sticky Flame             Conj/Fire      0%         2d3       100%        4
 Alistair's Intoxication  Tmut/Pois      0%         N/A       100%        5
 Ignition                 Fire           0%         3d3       100%        8


Dungeon Overview and Level Annotations

Branches:
Dungeon (1/1)

Altars:
Ashenzari
Cheibriados
Dithmenos
Elyvilon
Fedhas
Gozag
Hepliaklqana
Kikubaaqudgha
Makhleb
Nemelex Xobeh
Okawaru
Qazlal
Ru
Sif Muna
Trog
Uskayaw
Vehumet
Wu Jian
Xom
Yredelemnul
Zin
The Shining One
Beogh
Jiyva
Lugonu

Annotations:
D 1 transporter


Innate Abilities, Weirdness & Mutations

You have a pair of horns on your head.
You reflexively headbutt those who attack you in melee.


Message History

Aiming: Thunderbolt
Press: ? - help, Q - select action, (/) - cycle Shift-Dir - straight line, f - deep elf pyromancer
Aim: a deep elf pyromancer, wielding a +0 short sword and wearing a +0 leather armour The thunderbolt hits the earth elemental.
The earth elemental completely resists.
The thunderbolt hits the deep elf pyromancer!
The deep elf pyromancer is moderately wounded.
You feel very sick.
Aiming: Thunderbolt
Press: ? - help, Q - select action, (/) - cycle Shift-Dir - straight line, f - deep elf annihilator, p - deep elf pyromancer
Aim: a deep elf annihilator, wielding a +0 dagger and wearing a +0 scale mail The thunderbolt hits the earth elemental.
The earth elemental completely resists.
The thunderbolt hits the deep elf pyromancer.
The deep elf pyromancer is heavily wounded.
The thunderbolt hits the +0 vorpal halberd.
The +0 vorpal halberd completely resists.
The thunderbolt hits the deep elf annihilator!
The deep elf annihilator is lightly wounded.
You feel sick.
You block the +0 vorpal halberd's attack.
Aiming: Thunderbolt
Press: ? - help, Q - select action, (/) - cycle Shift-Dir - straight line, f - deep elf pyromancer, p - deep elf annihilator
Aim: a deep elf pyromancer, wielding a +0 short sword and wearing a +0 leather armour (heavily wounded)
The thunderbolt hits the earth elemental.
The earth elemental completely resists.
The thunderbolt hits the deep elf pyromancer!
The deep elf pyromancer is severely wounded.
The thunderbolt hits the +0 vorpal halberd.
The +0 vorpal halberd completely resists.
The thunderbolt hits the deep elf annihilator!
The deep elf annihilator is moderately wounded.
You feel sick.
You block the +0 vorpal halberd's attack.
The deep elf pyromancer casts a spell.
The deep elf pyromancer blinks!
The deep elf annihilator gestures at you while chanting.
The bolt of lightning hits you!!!
Ouch! That really hurt!
You die...

▓▓▓▓▓▓▓▓▓▓▓▓▓▓▓▓▓▓▓
▓.8©8.▓.8©8.▓.8©8.▓
▓."[|.▓..|..▓.....▓
▓.E=..▓.....▓.....▓
▓.....▓.....▓.....▓
▓.§(e.▓.....▓..†..▓
▓....e▓.....▓..©..▓
▓..@..▓..©..▓▓▓▓▓▓▓
▓▓▓▓▓▓▓▓▓▓▓▓▓


You could see a deep elf annihilator, an earth elemental, a deep elf pyromancer
and a +0 vorpal halberd.

Vanquished Creatures
  A hell hound (D)
  2 iron imps (D)
  A shadow imp (D)
  A bat zombie (D)
5 creatures vanquished.

Notes
Turn   | Place    | Note
-------+----------+-------------------------------------------
     0 | D        | SmokeWeed the Minotaur Gladiator began the quest for the
                  | Orb.
     0 | D        | Reached XP level 1. HP: 18/18 MP: 0/0
    14 | D        | Found a blossoming altar of Fedhas.
    14 | D        | Found the +6 Majin-Bo {vamp, MP+6 Int+6}
    14 | D        | Found the +9 heavy crossbow "Sniper" {vorpal, Acc+∞ SInv}
    14 | D        | Found the +10 dark maul {vorpal}
    14 | D        | Found the +15 Maxwell's patent armour {-Cast -Tele rElec
                  | Will+ rCorr}
    14 | D        | Found the +18 shield of the Gong {rElec rN+ Will+ EV-5}
    14 | D        | Found the +14 obsidian axe {vorpal, Mesm Drain Fly SInv}
    14 | D        | Found the +7 great mace "Firestarter" {inner flame, rF++}
    14 | D        | Found the +6 shillelagh "Devastator" {shatter}
    14 | D        | Found the +11 plutonium sword {Contam Stlth-}
    14 | D        | Found the +8 lance "Wyrmbane" {slay drac, rPois rF+ rC+
                  | AC+3}
    14 | D        | Found the +9 sword of Zonguldrok {reap}
    14 | D        | Found the +13 scythe of Curses {drain, Drain}
    14 | D        | Found the +5 sword of Power {vorpal}
    14 | D        | Found the +7 mace of Variability {chain chaos}
    14 | D        | Found the +7 Singing Sword {vorpal, sonic wave}
    14 | D        | Found the +8 storm bow {elec, penet}
    23 | D        | Found a viscous altar of Jiyva.
    23 | D        | Found a hazy altar of Hepliaklqana.
    23 | D        | Found a transporter.
    23 | D        | Found an opulent altar of Gozag.
    23 | D        | Found an ancient bone altar of Kikubaaqudgha.
    23 | D        | Found a corrupted altar of Lugonu.
    37 | D        | Found a burning altar of Makhleb.
    38 | D        | Found a stormy altar of Qazlal.
    38 | D        | Found a sacrificial altar of Ru.
    38 | D        | Found an iron altar of Okawaru.
    38 | D        | Found a shimmering blue altar of Sif Muna.
    38 | D        | Found a sparkling altar of Nemelex Xobeh.
    38 | D        | Found a bloodstained altar of Trog.
    73 | D        | Became a worshipper of Qazlal Stormbringer
    85 | D        | Reached skill level 5 in Fighting
    85 | D        | Reached skill level 5 in Long Blades
    85 | D        | Reached XP level 2. HP: 29/29 MP: 1/1
    89 | D        | Entered arena 2.
    89 | D        | Noticed a hell hound
    89 | D        | Found a transporter.
    93 | D        | Killed a hell hound
    94 | D        | Reached skill level 8 in Long Blades
    94 | D        | Reached skill level 5 in Dodging
    94 | D        | Reached XP level 3. HP: 26/37 MP: 2/2
    94 | D        | Reached XP level 4. HP: 31/44 MP: 3/3
   101 | D        | Got Foass's Disquisition on Torrid Poison
   184 | D        | Entered arena 3.
   184 | D        | Found a transporter.
   186 | D        | Reached * piety under Qazlal
   189 | D        | Reached XP level 5. HP: 50/50 MP: 4/4
   190 | D        | Reached ** piety under Qazlal
   207 | D        | Entered arena 4.
   207 | D        | Noticed a deep elf pyromancer
   207 | D        | Noticed a +0 vorpal halberd
   207 | D        | Noticed a deep elf annihilator
   207 | D        | Found a transporter.
   210 | D        | Killed from afar by a deep elf annihilator

Illustrated notes

Levels and vault maps discovered:
D:        sprint_v [room_start, room_1, room_2, room_3, room_4, room_5, room_6,
          room_7, room_8, room_9, room_10, room_11, room_12, room_13, room_14,
          room_15, room_16, room_17, room_18, room_19, room_20, room_21,
          room_22, room_23, room_24, room_25, room_26, room_27]

Skill      XL: |  1  2  3  4 |
---------------+-------------+-----
Fighting       | 5 6 |  6.2
Long Blades    | 5 8 |  8.8
Armour         | 4 |  4.5
Shields        | 4 |  4.2
Throwing       | 3 |  3.5
Dodging        | 5 6 |  6.8
Evocations     | |  0.4

Action                   |  1- 3 |  4- 6 || total
-------------------------+-------+-------++-------
Melee: Double sword      |     2 |     3 ||     5
       Headbutt          |       |     1 ||     1
Evoke: Wand              |     2 |     1 ||     3
       Lightning rod     |       |     3 ||     3
  Use: Potion            |     1 |       ||     1
Armor: Gold dragon scale |     3 |     1 ||     4
Block: Tower shield      |     1 |     3 ||     4

Table legend: (Time is in decaauts)
 A = Elapsed time spent in this place.
 B = Non-inter-level travel time spent in this place.
 C = Inter-level travel time spent in this place.
 D = Time resting spent in this place.
 E = Time spent auto-exploring this place.
 F = Levels seen in this place.
 G = Mean time per level.
                   A        B        C        D        E       F      G
               +--------+--------+--------+--------+--------+-----+--------+
         Total |    210 |    210 |      0 |     79 |      0 |   1 |  210.0 |
       Dungeon |    210 |    210 |      0 |     79 |      0 |   1 |  210.0 |
               +--------+--------+--------+--------+--------+-----+--------+

Top non-repeatable levels by time:
       D: 210 daAuts
